 Dungeon Crawl Stone Soup version 0.22-a0-782-g038298e (webtiles) character file.

114 Kuinu the Firebug (level 4, -3/33 HPs)
             Began as a Draconian Fire Elementalist on July 21, 2018.
             Killed by divine providence
             ... invoked by an orc priest
              (13 damage)
             ... on level 3 of the Dungeon.
             The game lasted 00:09:21 (3825 turns).

Kuinu the Firebug (Draconian Fire Elementalist)     Turns: 3825, Time: 00:09:21

Health: -3/33      AC:  5    Str: 11    XL:     4   Next: 66%
Magic:  8/8        EV: 12    Int: 16    God:
Gold:   98         SH:  0    Dex: 11    Spells: 6/9 levels left

rFire    . . .     SeeInvis .   c - +0 hunting sling
rCold    . . .     Gourm    .   (no shield)
rNeg     . . .     Faith    .   (armour unavailable)
rPois    .         Spirit   .   (helmet restricted)
rElec    .         Reflect  .   (no cloak)
rCorr    .         Harm     .   (no gloves)
MR       .....                  (no boots)
Stlth    ++........             (no amulet)
HPRegen  0.11/turn              (no ring)
MPRegen  0.11/turn              (no ring)

@: no status effects
A: unfitting armour, cold-blooded, AC +5
a: no special abilities


You were on level 3 of the Dungeon.
You were very hungry.

You visited 1 branch of the dungeon, and saw 3 of its levels.

You collected 98 gold pieces.

Inventory:

Hand Weapons
 c - a +0 hunting sling (weapon)
Missiles
 e - 53 stones (quivered)
Jewellery
 n - a +2 ring of strength {unknown}
Wands
 q - a wand of digging (10)
Scrolls
 d - 2 scrolls of identify {unknown}
 f - 3 scrolls of enchant armour {unknown}
 g - 4 scrolls of teleportation {unknown}
 o - a scroll of enchant weapon {unknown}
Potions
 a - 2 potions of mutation {unknown}
 h - 3 potions of agility {unknown}
 i - a potion of might {unknown}
 j - a potion of invisibility {unknown}
 k - a potion of heal wounds {unknown}
 l - 2 potions of curing {unknown}
 p - a potion of haste {unknown}
Comestibles
 b - 7 rations


   Skills:
 + Level 2.2 Dodging
 + Level 2.3 Stealth
 * Level 3.0 Spellcasting
 + Level 1.6 Conjurations
 * Level 4.0 Fire Magic


You had 6 spell levels left.
You knew the following spells:

 Your Spells              Type           Power        Failure   Level  Hunger
a - Flame Tongue          Conj/Fire      ##...        6%          1    #......
b - Throw Flame           Conj/Fire      ##....       9%          2    ##.....

Your spell library contained the following spells:

 Spells                   Type           Power        Failure   Level  Hunger
 Fireball                 Conj/Fire      ##........   86%         5    ######.
 Conjure Flame            Conj/Fire      ##......     19%         3    ###....
 Sticky Flame             Conj/Fire      ##......     52%         4    #####..
 Inner Flame              Hex/Fire       #.......     24%         3    ###....


Dungeon Overview and Level Annotations

Branches:
Dungeon (3/15)

Altars:
Ashenzari
Cheibriados
Uskayaw
Xom


Innate Abilities, Weirdness & Mutations

Your plain brown scales are hard. (AC +5)
You cannot fit into any form of body armour.
You are cold-blooded and may be slowed by cold attacks.


Message History

You shoot a stone. The stone barely misses the orc.
The orc hits you but does no damage.
The orc priest invokes the aid of Beogh against you.
Beogh smites you!
You are feeling very hungry.
Casting: Throw Flame (safe; 9% risk of failure)
Confirm with . or Enter, or press ? or * to list all spells.
You don't know that spell.
Firing (i - inventory)
e - 54 stones (quivered)
Press: ? - help, Shift-Dir - straight line, f/p - orc
Aim: an orc, wielding a trident and wearing a ring mail (heavily wounded)
You shoot a stone. The stone hits the orc.
You kill the orc!
Your Fire Magic skill increases to level 4!
The orc priest mumbles some strange prayers to Beogh against you.
Beogh smites you!
You hear a shout!
The orc priest mumbles some strange prayers to Beogh against you.
Beogh smites you!
You die...

##########
#........### #####
#..........#
#...###..###.###.#
.........# #.# #@#
._.......###'###.#
...........+_###.#
##.......###'###.#
#.......# #.# #.#
#.......###.###o#
#..............o#
##.####.#....#..##
##...###..........#


You could see an orc priest and an orc.

Vanquished Creatures
  5 adders
  An ooze (D:2)
  2 worms (D:2)
  3 dart slugs
  3 leopard geckos
  An orc (D:3)
  A ball python (D:1)
  A giant cockroach (D:2)
  9 goblins
  4 hobgoblins
  A quokka (D:2)
  6 bats
  6 frilled lizards
  5 kobolds
  6 rats
54 creatures vanquished.

Notes
Turn   | Place    | Note
-------+----------+-------------------------------------------
     0 | D:1      | Kuinu the Draconian Fire Elementalist began the quest for the Orb.
     0 | D:1      | Reached XP level 1. HP: 14/14 MP: 3/3
   954 | D:1      | Reached XP level 2. HP: 20/20 MP: 5/5
   978 | D:1      | Learned a level 2 spell: Throw Flame
  2046 | D:2      | Reached XP level 3. HP: 25/26 MP: 2/6
  2785 | D:2      | Found a shattered altar of Ashenzari.
  2786 | D:2      | Found a hide-covered altar of Uskayaw.
  3029 | D:2      | Reached XP level 4. HP: 29/33 MP: 4/8
  3390 | D:3      | Found a shimmering altar of Xom.
  3640 | D:3      | Found a snail-covered altar of Cheibriados.
  3822 | D:3      | Reached skill level 4 in Fire Magic
  3825 | D:3      | Killed from afar by an orc priest

Vault maps used:
D:1:      dpeg_arrival_lava_altar, roderic_roman_lattice
D:2:      kennysheep_big_flooded_room, gammafunk_temple_overflow_pools,
          first_ration
D:3:      lemuel_zombie_altar_kikubaaqudgha, lemuel_doored_altar,
          xom_butterflies, chequers_ecumenical_altar_grove

Skill      XL: |  1  2  3  4 |
---------------+-------------+-----
Stealth        | 2 |  2.3
Dodging        | 2 |  2.2
Spellcasting   | 3 |  3.0
Fire Magic     | 4 |  4.0
Conjurations   | |  1.6

Action                   |  1- 3 |  4- 6 || total
-------------------------+-------+-------++-------
Melee: Unarmed           |     4 |       ||     4
       Hunting sling     |     5 |       ||     5
 Fire: Hunting sling     |    77 |    21 ||    98
 Cast: Flame Tongue      |    46 |    16 ||    62
       Throw Flame       |       |     2 ||     2
  Eat: Chunk             |     3 |     2 ||     5
       Ration            |     1 |       ||     1
Armor: Skin              |    13 |     2 ||    15
Dodge: Dodged            |    27 |     6 ||    33

Table legend:
 A = Spawn XP
 B = Non-spawn XP
 C = Spawn XP percentage of total XP
 D = Spawn monster count
 E = Non-spawn monster count
 F = Spawn count percentage of total count
 G = Total turns spent on level
                    A         B        C        D         E        F      G
               +---------+---------+-------+---------+---------+-------+---------
         Total |       0 |     163 |   0.0 |       0 |      54 |   0.0 |  3825
               +---------+---------+-------+---------+---------+-------+---------
           D:1 |       0 |      34 |   0.0 |       0 |      19 |   0.0 |  1972
           D:2 |       0 |      81 |   0.0 |       0 |      29 |   0.0 |  1413
           D:3 |       0 |      48 |   0.0 |       0 |       6 |   0.0 |   440
               +---------+---------+-------+---------+---------+-------+---------
